Get step-by-step instructions on how to execute this build order below. Start the game timer, and the build order will tick by so you can play in parallel with StarCraft on a second screen or mobile device.

Game Time

  0:00

Last Step

  N/A

Next Step

Upcoming Step



Don't want to look back and forth between 2 screens? Try out our Overwolf App, the Spawning Tool Build Advisor to get an in-game overlay with this build!

Complete Build Order

  12  0:04  Drone  
  13  0:15  Overlord  
  13  0:18  Drone  
  14  0:34  Drone x2  
  16  0:47  Drone  
  17  0:59  Drone  
  17  1:00  Hatchery  
  17  1:13  Spawning Pool  
  17  1:16  Drone  
  17  1:20  Drone  
  18  1:31  Drone  
  19  1:35  Extractor  
  18  1:42  Drone  
  19  1:52  Drone  
  20  2:01  Queen  
  22  2:12  Queen  
  24  2:20  Zergling x4  
  24  2:21  Overlord  
  26  2:23  Overlord  
  26  2:37  Drone  
  26  2:38  Drone  
  26  2:39  Overlord  
  28  3:10  Zergling x12  
  34  3:37  Metabolic Boost, Roach Warren  
  33  3:50  Zergling x14  
  40  4:04  Drone x2  
  40  4:05  Drone x5  
  47  4:28  Roach x2  
  47  4:30  Overlord x3  
  51  4:52  Lair  
  51  4:58  Roach x7  
  51  4:59  Overlord  
  65  5:00  Overlord  
  65  5:19  Queen  
  67  5:29  Zergling x2  
  67  5:30  Zergling x16  
  76  5:55  Queen  
  63  6:19  Roach  
  63  6:20  Roach x8  
  63  6:21  Overlord  
  63  6:22  Overlord x2  
  74  6:38  Zergling x10  
  61  6:55  Roach x2  
  65  7:31  Roach  
  65  7:32  Roach x5  
  65  7:33  Overlord  
  77  7:49  Extractor  
  77  7:50  Drone  
  77  7:51  Drone x2  
  79  7:58  Roach  
  79  7:59  Roach x2  
  79  8:02  Zergling x2  
  86  8:17  Roach  
  86  8:18  Roach  
  91  8:20  Zergling x6  
  93  8:30  Hatchery  
  92  8:48  Roach x6  
  102  8:50  Zergling x6  
  107  9:28  Roach  
  107  9:29  Roach x6  
  107  9:30  Zergling x2  
  107  9:31  Zergling x2  
  123  9:38  Overlord x3  
  123  9:41  Queen x2  
  83  10:16  Queen x2  
  63  10:31  Roach  
  63  10:32  Roach x5  
  75  10:39  Drone x3  
  78  10:46  Extractor  
  77  10:55  Extractor  
  77  10:56  Roach x4  
  84  11:31  Drone x2  
  84  11:32  Drone x7  
  93  11:42  Queen  
  95  12:03  Roach x6  
  107  12:27  Zergling x2  
  107  12:28  Zergling x20  
  118  12:36  Glial Reconstitution  
  118  12:50  Roach  
  118  12:51  Roach x5  
  130  12:58  Queen  
  130  12:59  Queen x2  
  108  13:34  Queen  
  108  13:36  Hatchery  
  89  13:41  Zergling x2  
  89  13:42  Zergling x16  
  86  13:54  Roach x3  
  92  14:22  Roach x2  
  92  14:23  Roach x13  
  122  14:58  Drone  
  122  14:59  Drone x6  
  129  15:00  Drone x2  
  131  15:14  Roach  
  131  15:15  Roach x2  
  139  15:35  Roach  
  139  15:36  Roach x10  
  139  15:37  Overlord x2  
  159  16:07  Roach  
  159  16:08  Roach x7  
  159  16:09  Overlord x3  
  159  16:10  Overlord  
  175  16:21  Evolution Chamber  
  174  16:30  Evolution Chamber  
  173  16:36  Roach  
  173  16:37  Roach x12  
  173  16:38  Overlord  
  173  16:39  Overlord  
  113  17:38  Roach x5  
  113  17:39  Roach x7  
  109  17:51  Roach x12  
  119  18:04  Roach  
  119  18:05  Roach x3  
  127  18:13  Zerg Missile Weapons Level 1  
  127  18:17  Zergling x8  
  131  18:30  Zergling x6  
  131  18:31  Zergling x2  
  135  19:10  Roach  
  135  19:11  Roach x16  
  135  19:13  Zergling x12  
  135  19:14  Zergling x4  
  177  19:32  Roach x2  
  177  19:33  Roach x4  
  189  19:48  Zergling x2  
  189  19:49  Zergling x20  
  200  20:08  Zerg Ground Armor Level 1  
  71  21:11  Roach  
  71  21:12  Roach x21  
  71  21:13  Roach x5  
  125  21:37  Extractor  
  124  21:40  Zerg Missile Weapons Level 2, Extractor  
  124  21:43  Zergling x2  
  124  21:44  Zergling x34  
  141  22:02  Zerg Melee Weapons Level 1  
  87  22:19  Roach x8  
  87  22:20  Roach x4  
  111  22:35  Roach x4  
  111  22:36  Roach  
  121  22:45  Queen x4  
  129  23:06  Zergling x28  
  129  23:07  Zergling x4  
  145  23:20  Queen  
  145  23:21  Queen x3  
  153  23:37  Zergling x20  
  153  23:38  Zergling x4  
  165  23:46  Roach x2  
  153  23:56  Queen x3  
  153  23:57  Queen  
  130  24:09  Roach x9  
  111  24:18  Zergling x10  
  114  24:28  Roach x3  
  112  24:32  Queen x3  
  112  24:36  Zergling x8  
  94  24:48  Roach  
  94  24:49  Roach x2  
  94  24:50  Roach x3  
  90  25:04  Roach x2  
  90  25:05  Roach x4